 Dungeon Crawl Stone Soup version 0.24.0 (webtiles) character file.

Game seed: 9651288560382629775, levelgen mode: deterministic

393 Buxparty the Skirmisher (level 6, -1/48 HPs)
             Began as a Mummy Gladiator on Jan 27, 2020.
             Killed from afar by an orc wizard (12 damage)
             ... with a puff of flame
             ... on level 5 of the Dungeon.
             The game lasted 00:07:15 (4299 turns).

Buxparty the Skirmisher (Mummy Gladiator)           Turns: 4299, Time: 00:07:16

Health: -1/48      AC:  4    Str: 19    XL:     6   Next: 51%
Magic:  6/6        EV: 13    Int:  7    God:
Gold:   203        SH:  0    Dex: 14    Spells: 5/5 levels left

rFire    x . .     SeeInvis .   a - +0 trident
rCold    + . .     Gourm    .   (no shield)
rNeg     + + +     Faith    .   b - +0 leather armour
rPois    ∞         Spirit   .   c - +0 helmet
rElec    .         Reflect  .   (no cloak)
rCorr    .         Harm     .   (no gloves)
MR       .....                  (no boots)
Stlth    +.........             (no amulet)
HPRegen  0.16/turn              (no ring)
MPRegen  0.10/turn              (no ring)

@: no status effects
A: no food or potions, fire vulnerability, cold resistance 1, negative energy
resistance 3, torment resistance, unbreathing
a: no special abilities


You were on level 5 of the Dungeon.
You were not hungry.

You visited 1 branch of the dungeon, and saw 5 of its levels.

You collected 203 gold pieces.

Inventory:

Hand Weapons
 a - a +0 trident (weapon)
Missiles
 d - 4 throwing nets (quivered)
Armour
 b - a +0 leather armour (worn)
 c - a +0 helmet (worn)
Wands
 e - a wand of scattershot (5)
Scrolls
 f - a scroll of fear
 g - a scroll of random uselessness {unknown}
 h - 3 scrolls of identify
 i - 4 scrolls of teleportation {unknown}


   Skills:
 + Level 4.2 Fighting
 + Level 4.0 Polearms
 - Level 1.5 Throwing
 + Level 4.0 Dodging


You had 5 spell levels left.
You didn't know any spells.
Your spell library was empty.

Dungeon Overview and Level Annotations

Branches:
Dungeon (5/15)
 Temple: D:4-7

Altars:
Ashenzari
Hepliaklqana
Makhleb
Qazlal


Innate Abilities, Weirdness & Mutations

You do not eat or drink.
Your flesh is vulnerable to fire.
You are immune to poison.
Your flesh is cold resistant. (rC+)
You are immune to negative energy. (rN+++)
You are immune to unholy pain and torment.
You can survive without breathing.


Message History

The orc wizard hits you with a +0 dagger.
The orc wizard closely misses you.
The orc wizard points at you and mumbles some strange words.
The puff of flame hits you! The fire burns you terribly!
The orc wizard gestures at you while chanting.
The puff of frost misses you. The orc wizard completely misses you.
The orc wizard barely misses you. The orc wizard barely misses you.
The orc priest mumbles some strange prayers to Beogh against you.
Beogh smites you!
* * * LOW HITPOINT WARNING * * *
An orc comes into view. It is wielding a +0 dagger.
The orc shouts!
The orc shouts!
The orc wizard casts a spell at you. The puff of frost misses you.
The orc wizard gestures at you while chanting.
The puff of flame hits you! The fire burns you terribly!
You die...

.# #.# ##≈≈...^^..#.#
.#######.# ####..#####.#
......##.# #.## #.#
.####.##.# ###.######.## .#
#.##.# ##...........#
.####.##.####....#######.#
.##......).......# #.#
.........####...########.####
###.#.#.........@.o{....o...#
#.#.............######.##.#
#.###.######.##.# #.##.# #.#
#.# #.##.# #†##.# #.# #.#
#.##o# #.##.# ###.# #.#
#.##o# #.##.# ....# #. #.....
..##.# ##.... ...... ####o#
## #.#


You could see an orc wizard and 2 orcs.

Vanquished Creatures
  An ice beast (D:4)
  4 worker ants
  7 adders
  3 oozes
  An adder skeleton (D:4)
  2 worms
  10 dart slugs
  3 leopard geckos
  4 orcs
  8 bats
  5 giant cockroaches
  8 goblins
  8 hobgoblins
  7 jackals
  4 quokkas
  3 ball pythons
  6 frilled lizards
  9 kobolds
  7 rats
100 creatures vanquished.

Notes
Turn   | Place    | Note
-------+----------+-------------------------------------------
     0 | D:1      | Buxparty the Mummy Gladiator began the quest for the Orb.
     0 | D:1      | Reached XP level 1. HP: 16/16 MP: 1/1
    56 | D:1      | Reached XP level 2. HP: 20/22 MP: 2/2
   338 | D:1      | Reached XP level 3. HP: 27/28 MP: 3/3
   988 | D:2      | Reached XP level 4. HP: 34/34 MP: 4/4
  2132 | D:3      | Reached XP level 5. HP: 32/41 MP: 5/5
  2788 | D:4      | Found a shattered altar of Ashenzari.
  3300 | D:4      | Noticed an ice beast
  3314 | D:4      | Killed an ice beast
  3314 | D:4      | Reached XP level 6. HP: 19/48 MP: 6/6
  3643 | D:4      | Noticed an orc warrior
  3670 | D:5      | Entered Level 5 of the Dungeon
  3992 | D:5      | Found a hazy altar of Hepliaklqana.
  4169 | D:5      | Found a stormy altar of Qazlal.
  4260 | D:5      | Found a burning altar of Makhleb.
  4299 | D:5      | Killed from afar by an orc wizard

Levels and vault maps discovered:
D:1:      ncdulo_smallfort, layout_rooms, hex_large
D:2:      layout_basic, grunt_ministairs_8
D:3:      kennysheep_slugbush, layout_rooms, nicolae_overflow_hidden_temple,
          first_ration, kennysheep_generic_room_8
D:4:      layout_basic, nicolae_overflow_crystal_walls,
          minmay_temple_entry_trees, serial_shops, nicolae_shop_stone,
          minmay_misc_feat_alley, kennysheep_cross_room, serial_bayou_crossing,
          uniq_menkaure
D:5:      layout_loops_ring, lemuel_crystal_altar, grunt_qazlal_sundering,
          basic_altar
